 Dungeon Crawl Stone Soup version 0.23.2-1-ga50397a (webtiles) character file.

Game seed: 1616094399811164277

105 MalarOregon the Chiller (level 4, 0/36 HPs)
             Began as a Ghoul Ice Elementalist on May 26, 2019.
             Slain by a worm (12 damage)
             ... on level 2 of the Dungeon.
             The game lasted 00:03:29 (1624 turns).

MalarOregon the Chiller (Ghoul Ice Elementalist)    Turns: 1624, Time: 00:03:29

Health: 0/36       AC:  3    Str: 11    XL:     4   Next: 83%
Magic:  1/6        EV: 12    Int: 11    God:
Gold:   68         SH:  0    Dex:  9    Spells: 6/7 levels left

rFire    . . .     SeeInvis .   (no weapon)
rCold    + . .     Gourm    .   (no shield)
rNeg     + + +     Faith    .   a - +0 robe
rPois    ∞         Spirit   .   (no helmet)
rElec    .         Reflect  .   c - +0 cloak
rCorr    .         Harm     .   (no gloves)
MR       .....                  (no boots)
Stlth    ++........             (no amulet)
HPRegen  0.00/turn              (no ring)
MPRegen  0.10/turn              (no ring)

@: rotting
A: rotting body, claws 1, carnivore, cold resistance 1, negative energy
resistance 3, inhibited regeneration, torment resistance, unbreathing
a: no special abilities


You were on level 2 of the Dungeon.
You were not hungry.

You visited 1 branch of the dungeon, and saw 2 of its levels.

You collected 68 gold pieces.

Inventory:

Armour
 a - a +0 robe (worn)
 c - a +0 cloak (worn)
   (You found it on level 1 of the Dungeon)
Scrolls
 b - 4 scrolls of remove curse {@r2}
 h - a scroll of teleportation {unknown}
 j - a scroll of identify {@r1}
Potions
 f - a potion of heal wounds {@q2}
 g - 2 potions of curing {unknown}
 i - a potion of might
Comestibles
 d - 4 chunks of flesh
 e - a ration {!d}


   Skills:
 + Level 1.8 Fighting
 + Level 2.4 Dodging
 + Level 3.2 Stealth
 + Level 2.4 Spellcasting
   Level 0.7 Conjurations
 + Level 3.9 Ice Magic


You had 6 spell levels left.
You knew the following spells:

 Your Spells              Type           Power        Failure   Level  Hunger
a - Freeze                Ice            ##..         5%          1    ##.....

Your spell library contained the following spells:

 Spells                   Type           Power        Failure   Level  Hunger
 Throw Frost              Conj/Ice       #.....       16%         2    ###....
 Ozocubu's Armour         Chrm/Ice       #.......     36%         3    ####...
 Throw Icicle             Conj/Ice       #.......     71%         4    #####..
 Summon Ice Beast         Ice/Summ       #.......     77%         4    #####..


Dungeon Overview and Level Annotations

Branches:
Dungeon (2/15)

Altars:


Innate Abilities, Weirdness & Mutations

Your body is rotting away.
You thrive on raw meat.
You are immune to poison.
You have sharp fingernails.
You are carnivorous and can eat meat at any time.
Your flesh is cold resistant. (rC+)
You are immune to negative energy. (rN+++)
You do not regenerate when monsters are visible.
You are immune to unholy pain and torment.
You can survive without breathing.


Message History

Aim: an adder (moderately wounded)
You freeze the adder.
The adder seems to slow down.
The adder bites you.
Aim: an adder (heavily wounded, slow)
You freeze the adder. The adder bites you.
Aim: an adder (almost dead, slow)
You freeze the adder.
You kill the adder!
You butcher the adder corpse.
d - 4 chunks of flesh (gained 1)
You see here an adder skeleton. x2
Some of the chunks of flesh in your inventory have rotted away.
You see here an adder skeleton.
Found a metallic cyan potion.
g - 2 metallic cyan potions (gained 1)
An adder comes into view.
The adder hisses angrily.
You barely miss the adder. The adder closely misses you.
Aim: an adder You freeze the adder.
The adder barely misses you.
Aim: an adder (heavily wounded)
You freeze the adder. The adder bites you.
Aim: an adder (severely wounded)
You freeze the adder.
You kill the adder!
You butcher the adder corpse.
d - 4 chunks of flesh (gained 1)
You see here an adder skeleton. x2
Found a scroll of identify.
j - a scroll of identify {@r1} A worm comes into view.
A worm is nearby!
You scratch the worm. The worm bites you!
Aim: a worm You freeze the worm.
Aim: a worm (lightly wounded)
You freeze the worm. The worm closely misses you.
Aim: a worm (lightly wounded)
You freeze the worm.
Aim: a worm (heavily wounded)
You freeze the worm. The worm barely misses you.
Aim: a worm (severely wounded)
You freeze the worm. The worm completely misses you.
You scratch the worm but do no damage. You scratch the worm.
The worm bites you!
* * * LOW HITPOINT WARNING * * *
You barely miss the worm. You completely miss the worm. The worm bites you.
* * * LOW HITPOINT WARNING * * *
You scratch the worm. The worm bites you!
You die...

####.#.# #..#,* *,*
####.#.####..#,******,*
.....#.......#,,,,,,*,*
.....######.#######,*,*
.....#.............,*,*
.....#.####.#######**,*
.....#,#...........,*,*
####÷#,#.#.########.#,*
...#.#,#,#......@w..#,*
#.##.#,*,############,*
#.##.#,*,,,,,,,,,,,,,,*
.....#,****************
#.####,* ....,*,*
#....#,* ######,*
,,,,,,,*


You could see a worm.

Vanquished Creatures
  Natasha (twice) (D:2)
  3 adders (D:2)
  An adder skeleton (D:2)
  A dart slug (D:1)
  2 leopard geckos
  A giant cockroach (D:1)
  2 goblins
  A hobgoblin (D:2)
  3 jackals (D:2)
  2 kobolds
  3 bats
  2 frilled lizards (D:1)
  3 rats
26 creatures vanquished.

Notes
Turn   | Place    | Note
-------+----------+-------------------------------------------
     0 | D:1      | MalarOregon the Ghoul Ice Elementalist began the quest for
                  | the Orb.
     0 | D:1      | Reached XP level 1. HP: 14/14 MP: 2/2
   241 | D:1      | Reached XP level 2. HP: 4/22 MP: 0/3
   942 | D:2      | Reached skill level 1 in Fighting
   942 | D:2      | Reached XP level 3. HP: 25/28 MP: 1/5
  1095 | D:2      | Noticed Natasha
  1101 | D:2      | Killed Natasha
  1327 | D:2      | Noticed Natasha
  1335 | D:2      | Killed Natasha
  1335 | D:2      | Reached XP level 4. HP: 21/35 MP: 0/6
  1624 | D:2      | Slain by a worm

Skill      XL: |  1  2  3 |
---------------+----------+-----
Dodging        | 2 |  2.4
Spellcasting   | 2 |  2.4
Fighting       | 1 |  1.8
Stealth        | 3 |  3.2
Conjurations   | |  0.7
Ice Magic      | |  3.9

Action                   |  1- 3 |  4- 6 || total
-------------------------+-------+-------++-------
Melee: Unarmed           |    42 |    14 ||    56
 Cast: Freeze            |    36 |    18 ||    54
  Use: Scroll            |     7 |       ||     7
 Stab: Sleeping          |     1 |       ||     1
  Eat: Chunk             |     5 |       ||     5
Armor: Robe              |    15 |     3 ||    18
Dodge: Dodged            |    52 |    14 ||    66
